 Dungeon Crawl Stone Soup version 0.21.1-1-g345015f (webtiles) character file.

239511 Mesmaeker13 the Fencer (level 18, 0/162 HPs)
             Began as a Demigod Skald on Apr 5, 2018.
             Slain by an orc warlord
             ... wielding a cursed -2 battleaxe
              (16 damage)
             ... on level 1 of the Orcish Mines on Apr 6, 2018.
             The game lasted 02:36:21 (52436 turns).

Mesmaeker13 the Fencer (Demigod Skald)             Turns: 52436, Time: 02:36:22

Health: 0/162      AC: 23    Str: 24    XL:     18   Next: 33%
Magic:  33/33      EV:  4    Int: 21    God:
Gold:   1769       SH:  9    Dex: 22    Spells: 21/31 levels left

rFire    + . .     SeeInvis .   a - +2 double sword (elec)
rCold    . . .     Gourm    .   c - +0 shield {reflect}
rNeg     . . .     Faith    .   I - +4 storm dragon scales {Bai Suzhen}
rPois    .         Spirit   .   M - +1 helmet
rElec    +         Reflect  +   F - +2 cloak
rCorr    .         Harm     .   t - +1 pair of gloves
MR       +++..                  j - +1 pair of boots of the Fisher {+Fly Int+4}
Stlth    ..........             L - amulet of rage
HPRegen  0.37/turn              Y - ring of Ifeniab {+Fly rF+ MR+ Dex+3 Stlth-}
MPRegen  0.23/turn              v - ring of wizardry

@: extremely drained
A: agile 1, high mp 1, magic resistance 1
}: 1/15 runes: barnacled
a: Evoke Berserk Rage, Evoke Flight


You were on level 1 of the Orcish Mines.
You were hungry.

You visited 7 branches of the dungeon, and saw 34 of its levels.
You visited 1 bazaar.
You also visited: Bailey.

You collected 3709 gold pieces.
You spent 1940 gold pieces at shops.

Inventory:

Hand Weapons
 a - a +2 double sword of electrocution (weapon)
Missiles
 Q - 6 throwing nets (quivered)
Armour
 c - a +0 shield of reflection (worn)
 j - the +1 pair of boots of the Fisher (worn) {+Fly Int+4}
   (You bought it in a shop in a bazaar)

   It affects your intelligence (+4).
   It lets you fly.
 r - a +0 chain mail of magic resistance
 t - a +1 pair of gloves (worn)
 F - a +2 cloak (worn)
 I - +4 storm dragon scales (worn) {Bai Suzhen}
 M - a +1 helmet (worn)
Jewellery
 g - an uncursed amulet of the gourmand {unknown}
 u - the ring "Awnuuff" {MR+ Int+3}
   (You acquired it on level 2 of the Snake Pit)

   [ring of protection from magic]

   It affects your intelligence (+3).
   It affects your resistance to hostile enchantments.
 v - a ring of wizardry (right hand)
 z - an uncursed amulet of regeneration
 L - an amulet of rage (around neck)
 Y - the ring of Ifeniab (left hand) {+Fly rF+ MR+ Dex+3 Stlth-}
   (You found it on level 4 of the Shoals)

   [ring of loudness]

   It affects your dexterity (+3).
   It protects you from fire.
   It affects your resistance to hostile enchantments.
   It lets you fly.
   It makes you less stealthy.
Wands
 b - a wand of random effects (20)
 N - a wand of digging (14)
 O - a wand of acid (29)
Scrolls
 d - a scroll of amnesia
 h - a scroll of enchant armour
 l - 9 scrolls of remove curse
 n - 10 scrolls of teleportation
 o - 2 scrolls of blinking
 q - 4 scrolls of fear
 P - 5 scrolls of fog
 W - 2 scrolls of summoning
Potions
 e - 3 potions of might {unknown}
 f - 3 potions of magic {unknown}
 m - a potion of berserk rage
 p - 3 potions of flight {unknown}
 s - 4 potions of agility
 x - 3 potions of brilliance
 B - 4 potions of ambrosia
 E - 4 potions of resistance
 G - 2 potions of mutation
 S - 3 potions of curing
 U - 2 potions of haste {unknown}
Miscellaneous
 y - a box of beasts
Comestibles
 i - 14 rations


   Skills:
 + Level 14.8(0.0) Fighting
 - Level 16.0(0.0) Long Blades
 + Level 11.7(0.0) Armour
 - Level 4.3(0.0) Dodging
 + Level 14.3(0.0) Shields
 - Level 7.2(0.0) Spellcasting
 - Level 6.0(0.0) Hexes
 - Level 10.0(0.0) Charms
 - Level 5.0(0.0) Necromancy
 - Level 3.0(0.0) Translocations


You had 21 spell levels left.
You knew the following spells:

 Your Spells              Type           Power        Failure   Level  Hunger
b - Song of Slaying       Chrm           #.......     99%         2    ###....
c - Shroud of Golubria    Chrm/Tloc      #.........   99%         2    ###....
d - Spectral Weapon       Hex/Chrm       #.......     100%        3    ####...
e - Regeneration          Chrm/Necr      #.........   100%        3    ####...


Dungeon Overview and Level Annotations

Branches:
Dungeon (15/15)            Temple (0/1) D:4            Lair (6/6) D:8
 Shoals (4/4) Lair:4        Snake (4/4) Lair:3        Slime (0/5) Lair:5
    Orc (2/2) D:12            Elf (2/3) Orc:2        Vaults (0/5) D:14
 Depths (1/5) D:15

Shops:
D:6 (   D:7 (   D:8 *   D:14 =   Orc:2 (*[=   Elf:1 :   Elf:2 *   Shoals:3 *
Shoals:4 !   Snake:3 [

Portals:
Trove: D:13 (give horn of Geryon)

Annotations:
D:5 Duvessa
D:12 iamserjio's ghost, journeyman OpMo
Lair:2 1 exclusion
Lair:6 1 exclusion
Snake:1 iamserjio's ghost, journeyman OpMo
Orc:2 3 exclusions


Innate Abilities, Weirdness & Mutations

You have an increased reservoir of magic. (+10% MP)
You are agile. (Dex +2)
You are resistant to hostile enchantments. (MR+)


Message History

The quick blade of draining hits you but does no damage.
You feel drained. The orc warlord completely misses you.
You riposte.
You slash the orc warlord!
Lightning courses through the orc warlord!
The orc warlord is moderately wounded.
The quick blade of draining hits you but does no damage.
You feel drained.
You hit the orc warlord.
Lightning courses through the orc warlord!
The orc warlord is moderately wounded.
The quick blade of draining hits you but does no damage.
You feel drained.
You block the quick blade of draining's attack.
The quick blade of draining hits you but does no damage.
You feel drained. You block the orc warlord's attack.
The quick blade of draining barely misses you.
You riposte.
You closely miss the quick blade of draining.
The orc warlord hits you with an enchanted battleaxe!
You die...

#.).[>..o..#####)...#......#....#
##.......#.....)#..........#.....
#......#.......###.............#
##.....#........###...###.......
##...##...##(..^##.####...##...
####....#####...##.##.....#...
#.....#####.....#......###..
##......#...(....##....##...
###....#..@o.#...#.#...#...
#....#.........###.......
##........#.....###......
##.#...##......##.#...##
####.###....#........#.
##......#.#.....##..
##.....##.[......###.
#.#....###.#....###..
####.#....#.....### ###


You could see an orc warlord and a quick blade of draining.

Vanquished Creatures
  Bai Suzhen (Shoals:3)
  Nikola (Shoals:1)
  Donald (Lair:3)
  2 nagarajas (Snake:4)
  Ilsuiw (Shoals:3)
  A frost giant (Shoals:4)
  A deep elf sorcerer (Elf:1)
  2 orc warlords
  Aizul (Snake:1)
  2 entropy weavers (Lair:4)
  A deep elf annihilator (Elf:1)
  A deep elf demonologist (Elf:2)
  6 merfolk javelineers
  A dire elephant (Lair:6)
  3 fire dragons
  8 merfolk impalers
  2 ogre magi
  An ice dragon (D:15)
  6 hydras
  Harold (Lair:3)
  2 merfolk avatars (Shoals:4)
  11 naga warriors
  2 centaur warriors
  Erica (D:9)
  5 merfolk aquamancers
  2 catoblepae
  The ghost of chlorine the Archer, a novice CeHu of Okawaru (D:10)
  3 satyrs
  4 anacondas
  10 death yaks
  A death knight (D:14)
  19 dancing weapons
  13 two-headed ogres
  2 tengu warriors
  The ghost of Trampli the Slicer, a journeyman HaFi of Hepliaklqana (Lair:1)
  An orc high priest (Orc:2)
  5 shock serpents
  Sonja (Lair:2)
  10 naga sharpshooters
  11 deep elf knights
  2 salamander mystics
  A skeletal warrior (D:14)
  12 sea snakes
  3 unseen horrors
  3 naga ritualists
  A swamp dragon (Lair:6)
  3 deep elf archers
  A phantasmal warrior (D:14)
  20 harpies
  4 lindwurms (Lair:6)
  3 wizards
  5 orc sorcerers
  4 orc knights
  8 mana vipers
  8 ugly things
  6 cyclopes
  7 fauns
  8 salamanders
  43 deep elf magi
  12 manticores
  9 elephants
  3 water nymphs
  8 merfolk sirens
  33 black mambas
  2 torpor snails
  3 guardian serpents
  4 centaur skeletons
  12 naga magi
  A gargoyle (D:15)
  9 spiny frogs
  A freezing wraith (D:14)
  A yaktaur (Shoals:2)
  4 komodo dragons
  4 rime drakes
  A kobold demonologist (Elf:1)
  An efreet (D:15)
  A tengu conjurer (D:15)
  2 polar bears
  9 trolls
  28 merfolk
  Grinder (D:3)
  8 wind drakes
  13 blink frogs
  19 slime creatures
  8 snapping turtles
  6 dream sheep
  2 centaur simulacra
  13 hippogriffs
  2 air elementals (Elf:2)
  A spriggan (Lair:5)
  3 shadows
  11 water elementals
  4 wraiths
  A human (shapeshifter) (Elf:1)
  3 basilisks
  5 wyverns
  56 yaks
  2 hungry ghosts
  3 steam dragons
  The ghost of darumender the Cudgeler, an amateur DsBe of Trog (D:3)
  A vampire mosquito (D:11)
  9 wargs
  32 nagas
  3 acid dragons
  19 water moccasins
  24 soldier ants
  8 porcupines
  3 ice beasts
  4 sky beasts
  33 orc warriors
  The ghost of dalore the Cudgeler, an amateur MiBe of Trog (D:4)
  A swamp drake (Lair:6)
  5 black bears
  An eye of draining (D:8)
  3 necrophages
  6 wolves (Lair:6)
  A boggart (Elf:1)
  2 phantoms (D:7)
  13 ogres
  30 centaurs
  18 crocodiles
  5 big kobolds
  Blork the orc (D:6)
  A gnoll sergeant (D:12)
  21 bullfrogs
  An earth elemental (Elf:2)
  2 wyvern skeletons
  A scorpion (D:6)
  Dowan (D:5)
  9 wights
  3 electric eels
  2 howler monkeys (D:8)
  4 crimson imps
  5 centaur zombies
  5 hounds
  2 jellies
  23 orc priests
  A bullfrog skeleton (D:12)
  4 iguanas
  24 orc wizards
  4 hell rats
  26 worker ants
  A hound zombie (D:5)
  A hound skeleton (D:7)
  A mummy (D:4)
  A worker ant zombie (D:6)
  6 adders
  11 gnolls
  A howler monkey skeleton (D:9)
  A shadow imp (D:8)
  12 white imps (D:11)
  An adder zombie (D:6)
  An adder skeleton (D:6)
  18 worms
  3 leopard geckos
  91 orcs
  5 ball pythons
  4 bats
  2 giant cockroaches
  9 hobgoblins
  5 jackals
  5 quokkas
  3 frilled lizards
  16 goblins
  2 hobgoblin zombies (D:4)
  21 kobolds
  A leopard gecko skeleton (D:5)
  A leopard gecko zombie (D:6)
  2 orc zombies (D:4)
  2 quokka skeletons
  A quokka zombie (D:8)
  8 rats
  A spectral orc (D:7)
  A plant (Lair:3)
  A spectral weapon (Lair:3)
1201 creatures vanquished.

Vanquished Creatures (others)
  A merfolk aquamancer (Shoals:3)
  A dancing weapon (Elf:2)
  A naga sharpshooter (Snake:3)
  An ugly thing (D:11)
  A manticore (Shoals:4)
  A tengu conjurer (D:11)
  A centaur (Shoals:3)
  A bullfrog skeleton (D:11)
  A shadow imp (D:11)
  An orc (D:15)
  27 fungi
  55 plants
  47 spectral weapons
139 creatures vanquished.

Grand Total: 1340 creatures vanquished

Notes
Turn   | Place    | Note
-------+----------+-------------------------------------------
     0 | D:1      | Mesmaeker13 the Demigod Skald began the quest for the Orb.
     0 | D:1      | Reached XP level 1. HP: 17/17 MP: 5/5
   134 | D:1      | Reached skill level 2 in Long Blades
   156 | D:1      | Reached XP level 2. HP: 18/24 MP: 4/7
   795 | D:2      | Learned a level 2 spell: Song of Slaying
   967 | D:2      | Gained mutation: You are agile. (Dex +2) [potion of mutation]
   967 | D:2      | Gained mutation: You are resistant to hostile enchantments. (MR+) [potion of mutation]
   971 | D:2      | Reached XP level 3. HP: 4/30 MP: 5/8
  1371 | D:2      | Found a faded altar of an unknown god.
  1396 | D:2      | Found a snail-covered altar of Cheibriados.
  1436 | D:2      | Found a shimmering altar of Xom.
  2084 | D:2      | Found a shattered altar of Ashenzari.
  2086 | D:2      | Found an ancient bone altar of Kikubaaqudgha.
  2463 | D:3      | Noticed Grinder
  2510 | D:2      | Reached XP level 4. HP: 36/37 MP: 4/9
  2741 | D:4      | Noticed a centaur
  2744 | D:3      | Paralysed by Grinder for 3 turns
  2929 | D:2      | Learned a level 2 spell: Shroud of Golubria
  2953 | D:3      | Killed Grinder
  2953 | D:3      | Reached skill level 3 in Long Blades
  2953 | D:3      | Reached XP level 5. HP: 37/45 MP: 0/10
  2953 | D:3      | Reached XP level 6. HP: 42/51 MP: 0/11
  3164 | D:3      | Noticed darumender's ghost (amateur DsBe)
  3295 | D:3      | Killed darumender's ghost
  4143 | D:4      | Noticed dalore's ghost (amateur MiBe)
  4607 | D:4      | Reached skill level 1 in Armour
  4607 | D:4      | Reached XP level 7. HP: 42/58 MP: 6/12
  4808 | D:4      | Found a staircase to the Ecumenical Temple.
  4907 | D:4      | Found an iron altar of Okawaru.
  4947 | D:4      | Reached skill level 4 in Long Blades
  5359 | D:5      | Entered Level 5 of the Dungeon
  5634 | D:5      | Found a glowing golden altar of the Shining One.
  5819 | D:5      | Noticed Duvessa
  5868 | D:5      | Noticed Dowan
  5886 | D:5      | Killed Dowan
  6454 | D:6      | Found a transporter.
  6460 | D:6      | Found a transporter.
  6472 | D:6      | Noticed a two-headed ogre
  6474 | D:6      | Found a shadowy altar of Dithmenos.
  6560 | D:6      | Learned a level 3 spell: Spectral Weapon
  6609 | D:6      | Found Obis's Antique Weapon Boutique.
  6613 | D:6      | Bought a glowing long sword for 175 gold pieces
  6619 | D:6      | Noticed Blork the orc
  6634 | D:6      | Killed Blork the orc
  6746 | D:6      | Reached skill level 5 in Charms
  6759 | D:6      | Reached skill level 1 in Hexes
  6759 | D:6      | Reached XP level 8. HP: 67/67 MP: 8/13
  6956 | D:6      | Found a glowing silver altar of Zin.
  7027 | D:6      | Found an ancient bone altar of Kikubaaqudgha.
  7436 | D:6      | Reached skill level 5 in Fighting
  7436 | D:6      | Reached skill level 5 in Long Blades
  7840 | D:6      | Found a deep blue altar of Sif Muna.
  7936 | D:4      | Killed dalore's ghost
  8581 | D:7      | Found a hide-covered altar of Uskayaw.
  8626 | D:7      | Found Egucsiar's Antique Weapon Shoppe.
  8723 | D:7      | Found a flagged portal.
  8730 | Bailey   | Entered a bailey
  8779 | D:7      | Reached XP level 9. HP: 34/74 MP: 10/14
  9161 | D:7      | Found a basalt altar of Yredelemnul.
  9346 | D:8      | Found a hide-covered altar of Uskayaw.
  9591 | D:8      | Reached skill level 6 in Long Blades
  9603 | D:8      | Got a faintly glowing flail
  9744 | D:8      | Found Kytzuguy's Assorted Antiques.
  9752 | D:8      | Bought a scroll labeled GYRESE GECKOIXO for 24 gold pieces
  9801 | D:8      | Noticed a two-headed ogre
  9814 | D:8      | Killed a two-headed ogre
 10074 | D:8      | Found a staircase to the Lair.
 10137 | D:9      | Reached skill level 5 in Armour
 10442 | D:9      | Found a white marble altar of Elyvilon.
 10953 | D:9      | Reached XP level 10. HP: 78/84 MP: 10/15
 11223 | D:9      | Noticed Erica
 11237 | D:9      | HP: 1/84 [something (5)]
 11253 | D:9      | Learned a level 3 spell: Regeneration
 11561 | D:10     | Entered Level 10 of the Dungeon
 11903 | D:10     | Reached skill level 5 in Hexes
 12041 | D:10     | Noticed chlorine's ghost (novice CeHu)
 12062 | D:10     | Killed chlorine's ghost
 12062 | D:10     | Reached skill level 7 in Long Blades
 12062 | D:10     | Reached skill level 1 in Necromancy
 12503 | D:10     | Noticed a two-headed ogre
 12514 | D:10     | Killed a two-headed ogre
 13028 | D:9      | Killed Erica
 13115 | Lair:1   | Entered Level 1 of the Lair of Beasts
 13212 | Lair:1   | Noticed Sonja
 13986 | Lair:1   | Noticed Trampli's ghost (journeyman HaFi)
 14007 | Lair:1   | Killed Trampli's ghost
 14007 | Lair:1   | Reached XP level 11. HP: 69/94 MP: 12/17
 14146 | Lair:1   | HP: 4/94 [Sonja/uncursed dagger of distortion (3)]
 14957 | Lair:2   | Reached skill level 8 in Long Blades
 15135 | Lair:2   | Noticed an eight-headed hydra
 15146 | Lair:2   | Killed a four-headed hydra
 15183 | Lair:2   | Killed Sonja
 15548 | Lair:2   | Found a deep blue altar of Sif Muna.
 16145 | Lair:3   | Reached skill level 5 in Necromancy
 16168 | Lair:3   | Got a brightly glowing chain mail
 16181 | Lair:3   | Identified the +8 chain mail of the Other Side {rElec} (You found it on level 3 of the Lair of Beasts)
 16420 | Lair:3   | Found a staircase to the Snake Pit.
 16460 | Lair:3   | Reached skill level 1 in Translocations
 16590 | Lair:3   | Noticed Harold
 16607 | Lair:3   | Killed Harold
 16607 | Lair:3   | Reached skill level 9 in Long Blades
 16660 | Lair:3   | Found a blossoming altar of Fedhas.
 16842 | Lair:3   | Noticed a catoblepas
 16900 | Lair:3   | Killed a catoblepas
 16900 | Lair:3   | Reached XP level 12. HP: 30/104 MP: 18/20
 17114 | Lair:3   | Noticed an eight-headed hydra
 17126 | Lair:3   | Killed a two-headed hydra
 17452 | Lair:4   | Noticed an entropy weaver
 17705 | Lair:4   | Found a staircase to the Shoals.
 17787 | Lair:4   | Identified the +11 flail of Vanity {chaos, +Blink rF+} (You found it on level 8 of the Dungeon)
 17804 | Lair:4   | Killed an entropy weaver
 18127 | Lair:4   | Noticed an entropy weaver
 18143 | Lair:4   | Killed an entropy weaver
 18469 | Lair:4   | Noticed a seven-headed hydra
 18479 | Lair:4   | Killed a one-headed hydra
 18647 | Lair:4   | Reached skill level 10 in Fighting
 18893 | Lair:5   | Reached skill level 10 in Long Blades
 18919 | Lair:5   | Reached skill level 5 in Spellcasting
 19134 | Lair:5   | HP: 2/106 [yak (7)]
 19156 | Lair:5   | Reached XP level 13. HP: 48/113 MP: 19/24
 19460 | Lair:5   | Found a viscous altar of Jiyva.
 19460 | Lair:5   | Found a staircase to the Slime Pits.
 20069 | Lair:6   | Entered Level 6 of the Lair of Beasts
 20813 | Lair:6   | Found a glowing silver altar of Zin.
 21324 | Lair:6   | Reached skill level 10 in Armour
 22115 | Lair:6   | Noticed a dire elephant
 22161 | Lair:6   | Killed a dire elephant
 22722 | Lair:6   | Reached skill level 11 in Long Blades
 22854 | Lair:6   | Reached XP level 14. HP: 107/124 MP: 25/28
 22996 | Lair:6   | Found the +8 frozen axe "Frostbite" {freezing cloud, *Noise +Fly rC+}
 23910 | D:8      | Bought a scroll of enchant weapon for 180 gold pieces
 24512 | D:11     | Reached skill level 1 in Shields
 24526 | D:11     | Reached skill level 10 in Charms
 24685 | D:11     | Found a frozen archway.
 25626 | D:12     | Noticed iamserjio's ghost (journeyman OpMo)
 26018 | D:12     | Found a staircase to the Orcish Mines.
 27842 | Orc:1    | Entered Level 1 of the Orcish Mines
 28152 | Orc:2    | Entered Level 2 of the Orcish Mines
 28643 | Orc:2    | Noticed an orc warlord
 29404 | Orc:1    | Found a roughly hewn altar of Beogh.
 29966 | Orc:2    | Found a staircase to the Elven Halls.
 30148 | Orc:1    | Reached skill level 12 in Long Blades
 30509 | Orc:2    | Noticed an orc warlord
 31160 | D:13     | Found a portal to a secret trove of treasure.
 31820 | D:14     | Reached XP level 15. HP: 122/133 MP: 30/30
 31878 | D:14     | Found a gate to the Vaults.
 31920 | D:14     | Reached skill level 5 in Shields
 32032 | D:14     | Found Ysomoed's Jewellery Boutique.
 32655 | D:15     | Entered Level 15 of the Dungeon
 33225 | D:15     | Found a staircase to the Depths.
 33311 | D:15     | Found a shadowy altar of Dithmenos.
 35155 | Orc:2    | Reached skill level 13 in Long Blades
 35214 | Orc:2    | Found a roughly hewn altar of Beogh.
 35331 | Orc:2    | Found Ocrae's General Store.
 35346 | Orc:2    | Found Panworch's Jewellery Emporium.
 35374 | Orc:2    | Found Rocevitt's Antique Armour Emporium.
 35391 | Orc:2    | Found Baem's Antique Weapon Emporium.
 35414 | Orc:2    | Bought a glowing helmet for 247 gold pieces
 35556 | Orc:2    | Bought a scroll of blinking for 90 gold pieces
 36325 | Depths:1 | Entered Level 1 of the Depths
 36468 | D:14     | Bought an uncursed amulet of rage for 680 gold pieces
 36755 | Snake:1  | Entered Level 1 of the Snake Pit
 36781 | Snake:1  | Noticed Aizul
 36793 | Snake:1  | Killed Aizul
 36908 | Snake:1  | Identified a scroll of acquirement
 36933 | Snake:1  | Noticed Donald
 37080 | Lair:3   | Killed Donald
 37873 | Snake:1  | Noticed iamserjio's ghost (journeyman OpMo)
 38322 | Snake:2  | Reached XP level 16. HP: 109/144 MP: 26/31
 38412 | Snake:2  | Found a flickering gateway to a bazaar.
 38425 | Bazaar   | Entered a bazaar
 38448 | Bazaar   | Found Fycyd's Book Shoppe.
 38466 | Bazaar   | Found Olohischonic's Book Shoppe.
 38521 | Bazaar   | Found Wicommor's Antique Armour Shoppe.
 38526 | Bazaar   | Bought a pair of jewelled boots for 304 gold pieces
 38537 | Bazaar   | Identified the +1 pair of boots of the Fisher {+Fly Int+4} (You bought it in a shop in a bazaar)
 39310 | Snake:2  | Got a twitching copper ring
 39313 | Snake:2  | Identified the ring "Awnuuff" {MR+ Int+3} (You acquired it on level 2 of the Snake Pit)
 39871 | Snake:3  | Found Dets's Antique Armour Emporium.
 40351 | Snake:3  | Reached skill level 14 in Long Blades
 40860 | Snake:3  | Got an ancient long sword
 41015 | Snake:4  | Entered Level 4 of the Snake Pit
 41658 | Snake:4  | Identified the cursed +0 long sword of Inflation {elec, Int+3} (You found it on level 3 of the Snake Pit)
 41718 | Snake:4  | Reached skill level 10 in Shields
 41725 | Snake:4  | HP: 6/146 [poisoned by a black mamba]
 42426 | Shoals:1 | Entered Level 1 of the Shoals
 42795 | Shoals:1 | Noticed Nikola
 42826 | Shoals:1 | Killed Nikola
 43275 | Shoals:2 | Reached skill level 15 in Long Blades
 43820 | Shoals:2 | Reached XP level 17. HP: 116/152 MP: 32/32
 44033 | Shoals:3 | Found Qoheufas's General Store.
 44659 | Shoals:3 | HP: 5/152 [merfolk aquamancer/shard of ice (35)]
 45115 | Shoals:4 | Entered Level 4 of the Shoals
 45778 | Shoals:4 | Noticed Bai Suzhen
 45910 | Shoals:3 | Killed Bai Suzhen
 46115 | Shoals:4 | Got a bound lead ring
 46260 | Shoals:4 | Reached skill level 16 in Long Blades
 46656 | Shoals:4 | Got a barnacled rune of Zot
 46832 | Shoals:4 | Noticed Ilsuiw
 46936 | Shoals:4 | Identified the ring of Ifeniab {+Fly rF+ MR+ Dex+3 Stlth-} (You found it on level 4 of the Shoals)
 47188 | Shoals:4 | Found Nyisaree's Distillery.
 47222 | Shoals:4 | Bought a potion of mutation for 128 gold pieces
 47222 | Shoals:4 | Bought a potion of curing for 48 gold pieces
 47391 | Shoals:3 | Killed Ilsuiw
 48465 | Elf:1    | Entered Level 1 of the Elven Halls
 49546 | Elf:1    | Found Noet's Book Shop.
 50324 | Elf:1    | Reached XP level 18. HP: 144/161 MP: 29/33
 51472 | Elf:2    | Found a runed gate.
 51472 | Elf:2    | Found a runed gate.
 51504 | Elf:2    | Found Taac's General Store.
 51510 | Elf:2    | Bought a scroll of identify for 32 gold pieces
 51516 | Elf:2    | Bought a scroll of identify for 32 gold pieces
 51649 | Elf:2    | Found a runed gate.
 52436 | Orc:1    | Slain by an orc warlord

Skill      XL: |  1  2  3  4  5  6  7  8  9 10 11 12 13 14 15 16 17 18 |
---------------+-------------------------------------------------------+-----
Fighting       | 2 3 4 5 6 7 9 10 11 12 13 14 | 14.8
Long Blades    | 2 3 4 5 6 7 9 10 11 12 13 15 16 | 16.0
Dodging        | 2 3 4 |  4.3
Charms         | 3 4 5 6 7 8 9 10 | 10.0
Armour         | 1 2 3 5 6 8 9 10 11 | 11.7
Hexes          | 1 3 4 5 6 |  6.0
Necromancy     | 3 5 |  5.0
Spellcasting   | 3 5 6 7 |  7.2
Translocations | 2 3 |  3.0
Shields        | 4 8 11 13 14 | 14.3

Action                   |  1- 3 |  4- 6 |  7- 9 | 10-12 | 13-15 | 16-18 || total
-------------------------+-------+-------+-------+-------+-------+-------++-------
Melee: Falchion          |   126 |   137 |    62 |       |       |       ||   325
       Long sword        |       |       |   272 |   109 |       |       ||   381
       Scimitar          |       |       |       |   554 |   435 |       ||   989
       Great sword       |       |       |       |    12 |       |       ||    12
       Demon blade       |       |       |       |    89 |  1576 |       ||  1665
       Double sword      |       |       |       |       |   132 |  1499 ||  1631
Throw: Javelin           |       |       |     1 |     1 |       |       ||     2
       Throwing net      |       |       |       |       |     8 |       ||     8
 Cast: Infusion          |    12 |    10 |    18 |    13 |       |       ||    53
       Shroud of Golubri |       |     3 |    23 |    25 |    42 |    60 ||   153
       Song of Slaying   |       |       |     1 |     4 |     4 |     1 ||    10
       Spectral Weapon   |       |       |    22 |    60 |   121 |    63 ||   266
       Regeneration      |       |       |       |    25 |    28 |    89 ||   142
 Abil: Evoke Berserk Rag |       |       |       |       |       |     7 ||     7
Evoke: Wand              |       |       |     2 |     6 |     5 |       ||    13
       Sack of spiders   |       |       |       |       |     1 |       ||     1
  Use: Potion            |     2 |     9 |       |     6 |     5 |     4 ||    26
       Scroll            |       |     4 |     5 |    17 |    11 |    16 ||    53
 Stab: Invisible         |       |     4 |       |       |       |       ||     4
       Sleeping          |       |     1 |       |       |       |       ||     1
       Distracted        |       |       |     4 |     6 |    11 |     8 ||    29
       Confused          |       |       |       |     3 |       |       ||     3
       Petrified         |       |       |       |       |     2 |       ||     2
       Held in net/web   |       |       |       |       |     2 |       ||     2
  Eat: Chunk             |     3 |     3 |    21 |    26 |    52 |    32 ||   137
       Ration            |     1 |     1 |     1 |     5 |     6 |     8 ||    22
Armor: Leather armour    |    31 |     9 |       |       |       |       ||    40
       Skin              |       |    50 |       |       |       |       ||    50
       Ring mail         |       |     5 |   111 |   117 |       |       ||   233
       Chain mail        |       |       |       |   335 |  1467 |   580 ||  2382
       Storm dragon scal |       |       |       |       |       |   355 ||   355
Dodge: Dodged            |    97 |    80 |   210 |   398 |   854 |   443 ||  2082
Block: Buckler           |       |       |       |       |   102 |    67 ||   169
       Shield            |       |       |       |       |       |   868 ||   868
       Reflection        |       |       |       |       |       |    96 ||    96
       Rpst.: Falchion   |    30 |    23 |    14 |       |       |       ||    67
       Long sword        |       |       |    54 |    27 |       |       ||    81
       Great sword       |       |       |       |     3 |       |       ||     3
       Scimitar          |       |       |       |    93 |    66 |       ||   159
       Demon blade       |       |       |       |     8 |   129 |       ||   137
       Double sword      |       |       |       |       |    11 |   101 ||   112
